 Dungeon Crawl Stone Soup version 0.26.0-11-g8f856b5395 (webtiles) character file.

Game seed: 7806806554247944528

34 TBExtent the Insei (level 3, -1/26 HPs)
             Began as a Merfolk Transmuter on Jan 15, 2021.
             Slain by a bullfrog skeleton (6 damage)
             ... on level 2 of the Dungeon.
             The game lasted 00:20:33 (1121 turns).

TBExtent the Insei (Merfolk Transmuter)             Turns: 1121, Time: 00:20:34

Health: -1/26      AC:  2    Str: 10    XL:     3   Next: 31%
Magic:  3/6        EV: 13    Int: 13    God:
Gold:   107        SH:  0    Dex: 14    Spells: 2/6 levels left

rFire    . . .     SeeInvis .     - Unarmed
rCold    . . .     Faith    .   (no shield)
rNeg     . . .     Spirit   .   a - +0 robe
rPois    .         Reflect  .   (helmet currently unavailable)
rElec    .         Harm     .   (no cloak)
rCorr    .         Rampage  .   (no gloves)
Will     .....                  (boots currently unavailable)
Stlth    +.........             (no amulet)
HPRegen  0.08/turn              (no ring)
MPRegen  0.10/turn              (no ring)

@: appendages (expiring), very slightly contaminated
A: change form in water, swift swim, stealthy swim, horns 2
a: End Transformation


You were on level 2 of the Dungeon.
You had grown temporary horns.
You visited 1 branch of the dungeon, and saw 2 of its levels.

You collected 107 gold pieces.

Inventory:

Hand Weapons
 b - a +1 whip
Armour
 a - a +0 robe (worn)
 g - a +0 leather armour
Scrolls
 e - a scroll of identify {unknown}


   Skills:
 + Level 1.5 Fighting
 + Level 3.0 Dodging
 + Level 3.6 Unarmed Combat
 + Level 2.2 Spellcasting
 * Level 3.0 Transmutations
 * Level 1.4 Poison Magic


You had 2 spell levels left.
You knew the following spells:

 Your Spells              Type           Power        Failure   Level
a - Beastly Appendage     Tmut           18%          7%          1
b - Spider Form           Tmut/Pois      3%           30%         3

Your spell library contained the following spells:

 Spells                   Type           Power        Failure   Level
 Wereblood                Tmut           9%           11%         2
 Ice Form                 Ice/Tmut       5%           78%         4
 Blade Hands              Tmut           4%           89%         5


Dungeon Overview and Level Annotations

Branches:
Dungeon (2/15)

Altars:


Innate Abilities, Weirdness & Mutations

You revert to your normal form in water.
You are very nimble and swift while swimming.
You are very stealthy in the water. (Stealth+)
You have a pair of horns on your head.


Message History

It is a scroll of enchant weapon.
Your whip glows red for a moment.
The bullfrog skeleton hits you.
You are too injured to fight recklessly!
It was a potion of magic.
Magic courses through your body.
The bullfrog skeleton barely misses you.
Casting: Beastly Appendage (safe; 7% risk of failure)
Confirm with . or Enter, or press ? or * to list all spells.
The spell is extremely dangerous to cast (30% risk of failure)!
Continue anyway?
Uppercase [Y]es or [N]o only, please.
The spell is extremely dangerous to cast (30% risk of failure)!
Continue anyway?
You miscast Spider Form.
You are very lightly contaminated with residual magic.
Nothing appears to happen.
The bullfrog skeleton hits you.
* * * LOW HITPOINT WARNING * * *
The bullfrog skeleton misses you.
As you read the scroll labelled ECZEURPHEUMP, it crumbles to dust.
The scroll dissolves into smoke.
It was a scroll of fog.
The bullfrog skeleton barely misses you.
The bullfrog skeleton hits you.
You die...

#..#.#.#..#
#........##
#..#.#.#.#
#........#
+........#
#........#
#........#
#...######
#.@.#
##+###§Z§#
.....§§§§#
#....§§§§#
###.####§#
#. #.# #
#.# .# ..


You could see a bullfrog skeleton.

Vanquished Creatures
  A dart slug (D:1)
  A leopard gecko (D:1)
  4 bats (D:1)
  3 giant cockroaches (D:1)
  6 goblins (D:1)
  5 hobgoblins (D:1)
  3 frilled lizards (D:1)
  3 kobolds (D:1)
  3 rats (D:1)
29 creatures vanquished.

Notes
Turn   | Place    | Note
-------+----------+-------------------------------------------
     0 | D:1      | TBExtent the Merfolk Transmuter began the quest for the
                  | Orb.
     0 | D:1      | Reached XP level 1. HP: 15/15 MP: 3/3
   142 | D:1      | Reached XP level 2. HP: 21/21 MP: 5/5
   293 | D:1      | Reached skill level 1 in Poison Magic
   580 | D:1      | Reached XP level 3. HP: 24/26 MP: 4/6
   584 | D:1      | Learned a level 3 spell: Spider Form
  1121 | D:2      | Slain by a bullfrog skeleton

Illustrated notes

Levels and vault maps discovered:
D:1:      erik_arrival_cave_to_civilisation [erik_arrival_cave_to_temple],
          layout_basic, st_stairs_13
D:2:      layout_basic, general_overflow_altar, serial_co_window_serial,
          co_window_of_opportunity_a, co_window_of_opportunity_a,
          co_window_corner_a, co_window_cross_1, co_window_paths_b,
          co_window_corner_cb, co_window_corner_ca, co_window_corner_b,
          co_window_cross_3, co_window_4corner_a, glass_columns_b,
          glass_columns_b, glass_columns_c, glass_columns_b, glass_columns_b,
          palyth_stone_intersect, minmay_misc_feat_roman

Skill      XL: |  1  2 |
---------------+-------+-----
Transmutations | 3 |  3.0
Poison Magic   | 1 |  1.4
Dodging        | 3 |  3.0
Fighting       | |  1.5
Unarmed Combat | |  3.6
Spellcasting   | |  2.2

Action                   || total
-------------------------++-------
Melee: Unarmed           ||    88
       Headbutt          ||     7
       Punch             ||     1
 Cast: Beastly Appendage ||    15
  Use: Scroll            ||     2
       Potion            ||     1
 Stab: Sleeping          ||     1
Armor: Robe              ||    15
Dodge: Dodged            ||    63
